Map: Année zéro EC

Players

Sorandom - Winner!

  • Race: Zerg Zerg
  • League: Diamond
  • Spawn Location: 1:00

QBA

  • Race: Terran Terran
  • League: Diamond
  • Spawn Location: 11:00

VOD

Have the link to the VOD?

Description

Time

  • Played on: April 9, 2019, 1:49 p.m.
  • Length: 18:36
Show
View Real Time Build Order
Export as new Build Order

Sorandom Zerg - Winner!

Build Orders: Pool First 

Get SALT Encoding   

  12  0:03  Drone  
  13  0:13  Overlord  
  13  0:18  Drone  
  14  0:31  Drone x2  
  16  0:36  Drone  
  17  0:46  Drone  
  18  0:51  Spawning Pool  
  18  0:53  Extractor  
  16  1:17  Hatchery  
  15  1:19  Drone  
  15  1:21  Drone  
  15  1:24  Drone  
  18  1:33  Overlord  
  18  1:41  Zergling x2  
  19  1:49  Queen  
  19  1:52  Zergling x2  
  22  2:02  Drone  
  23  2:17  Drone  
  24  2:26  Metabolic Boost  
  24  2:28  Queen  
  26  2:30  Queen  
  26  2:32  Drone  
  26  2:34  Drone  
  30  2:42  Extractor  
  30  2:43  Drone  
  30  2:44  Drone  
  31  2:46  Drone  
  32  2:52  Drone  
  32  2:56  Overlord  
  33  3:00  Drone  
  34  3:09  Roach Warren  
  33  3:13  Drone x2  
  33  3:15  Drone  
  36  3:23  Spore Crawler  
  34  3:37  Zergling x12  
  39  3:46  Evolution Chamber  
  38  3:49  Evolution Chamber  
  38  3:52  Roach x2  
  41  4:04  Drone  
  41  4:05  Overlord, Drone x2  
  41  4:06  Overlord  
  43  4:34  Roach  
  43  4:35  Roach x5  
  43  4:37  Drone x2  
  43  4:38  Drone  
  58  4:46  Overlord  
  58  4:47  Overlord  
  58  4:50  Drone x2  
  58  4:51  Overlord  
  60  5:00  Overlord  
  60  5:10  Overlord  
  56  5:14  Drone x2  
  56  5:24  Roach x2  
  60  5:30  Drone x2  
  60  5:31  Hatchery  
  60  5:34  Lair  
  61  5:42  Overlord  
  61  6:03  Drone x5  
  66  6:18  Drone  
  66  6:19  Drone  
  66  6:24  Zerg Ground Armor Level 1, Zerg Missile Weapons Level 1  
  68  6:25  Drone  
  68  6:26  Drone  
  70  6:39  Zergling x4  
  72  6:45  Baneling Nest  
  71  6:47  Extractor  
  71  6:48  Extractor  
  71  6:49  Zergling x16  
  77  7:03  Drone x3  
  77  7:05  Hatchery  
  79  7:12  Roach x2  
  79  7:15  Spine Crawler  
  82  7:16  Spore Crawler  
  82  7:17  Drone  
  82  7:18  Drone x6  
  82  7:22  Drone  
  89  7:23  Glial Reconstitution  
  89  7:26  Drone x2  
  91  7:31  Centrifical Hooks  
  91  7:32  Drone  
  92  7:41  Zergling x10  
  97  7:45  Drone x2  
  99  8:01  Drone  
  99  8:02  Overlord x2  
  99  8:03  Zergling x12  
  106  8:07  Zergling x2  
  106  8:11  Baneling x8  
  107  8:13  Roach  
  105  8:23  Roach  
  105  8:24  Roach  
  105  8:25  Overlord x3  
  105  8:26  Drone x3  
  108  8:28  Extractor  
  108  8:30  Extractor, Queen x2  
  110  8:48  Zergling x22  
  112  8:49  Overlord  
  112  8:53  Queen x2  
  112  8:55  Drone  
  117  9:06  Overseer x2  
  117  9:07  Zergling x2  
  117  9:08  Zergling x14  
  117  9:09  Roach x5  
  132  9:21  Drone  
  132  9:22  Roach  
  132  9:23  Roach x3  
  140  9:31  Drone  
  140  9:32  Drone x2  
  140  9:33  Hydralisk Den  
  142  9:54  Spore Crawler  
  141  10:04  Overseer x2  
  141  10:08  Overlord x7  
  141  10:09  Spire  
  141  10:11  Zergling x2  
  141  10:12  Zergling x22  
  152  10:17  Spore Crawler  
  143  10:21  Spore Crawler  
  143  10:27  Zergling x2, Hydralisk x3  
  145  10:32  Hydralisk x2  
  145  10:35  Baneling x7  
  148  10:36  Baneling x5  
  148  10:43  Zergling x12  
  152  10:53  Hydralisk x4  
  152  10:59  Hydralisk x2  
  148  11:10  Drone x7  
  155  11:24  Hydralisk x4  
  159  11:38  Hydralisk x5  
  159  11:39  Mutalisk  
  165  11:52  Hydralisk x4  
  173  11:56  Hydralisk  
  173  11:58  Overlord x2  
  175  12:05  Hydralisk  
  175  12:06  Hydralisk x2  
  173  12:11  Hydralisk  
  155  12:16  Hydralisk  
  150  12:25  Drone  
  150  12:26  Drone x5  
  156  12:30  Extractor  
  156  12:31  Extractor  
  145  12:37  Hatchery  
  145  12:42  Hydralisk x6  
  149  12:53  Hydralisk  
  149  12:54  Hydralisk x3  
  149  12:58  Hydralisk x2  
  136  13:00  Drone x2  
  142  13:05  Grooved Spines  
  142  13:21  Drone x10  
  142  13:22  Drone x2  
  154  13:33  Drone x7  
  161  13:47  Mutalisk x3  
  161  13:48  Mutalisk x4  
  175  13:50  Zergling x4  
  175  13:53  Zerg Flyer Weapons Level 1  
  177  14:01  Infestation Pit  
  176  14:03  Drone x9  
  185  14:11  Spore Crawler  
  185  14:12  Spore Crawler  
  185  14:15  Spore Crawler  
  185  14:16  Extractor, Spine Crawler  
  180  14:17  Extractor  
  180  14:18  Drone x4  
  183  14:30  Mutalisk x5  
  183  14:31  Mutalisk  
  195  14:46  Roach x2  
  199  15:00  Zergling x2  
  199  15:05  Zerg Melee Weapons Level 1, Zerg Missile Weapons Level 2  
  198  15:16  Roach  
  198  15:19  Hive  
  200  15:22  Muscular Augments  
  198  16:06  Hatchery  
  197  16:11  Zergling x6  
  197  16:17  Hatchery  
  197  16:30  Corruptor  
  197  16:31  Corruptor  
  191  16:47  Roach  
  191  16:48  Roach x3  
  195  16:55  Mutalisk x2  
  197  17:17  Roach  
  199  17:33  Overseer x2  
  181  17:54  Hydralisk x14  
  181  17:55  Hydralisk x4  
  195  18:01  Mutalisk x2  
  195  18:02  Mutalisk  
Show
View Real Time Build Order
Export as new Build Order

QBA Terran 

Build Orders: Hellion Opening 

Get SALT Encoding   

  12  0:08  SCV  
  13  0:16  Supply Depot  
  13  0:20  SCV  
  14  0:32  SCV  
  14  0:33  Refinery  
  15  0:43  Barracks  
  15  0:46  SCV  
  16  0:58  SCV  
  17  1:10  SCV  
  18  1:23  SCV  
  20  1:42  Marine  
  20  1:46  Command Center  
  20  1:57  Factory  
  20  2:04  Barracks Reactor  
  20  2:08  Orbital Command  
  20  2:26  Supply Depot  
  19  2:32  Command Center  
  19  2:34  SCV  
  20  2:39  Refinery  
  20  2:49  Hellion  
  22  2:59  Hellion  
  22  3:00  SCV, Barracks Tech Lab  
  25  3:12  Hellion, SCV  
  28  3:22  Hellion  
  30  3:28  Factory  
  30  3:44  Hellion x2  
  34  4:03  Orbital Command  
  34  4:04  Supply Depot  
  34  4:06  Hellion  
  36  4:15  Armory  
  36  4:26  Hellion  
  38  4:39  Hellion  
  40  4:47  Hellion  
  40  4:49  Cyclone  
  40  4:50  Barracks Tech Lab  
  40  4:52  SCV  
  46  4:54  SCV  
  45  5:17  SCV  
  45  5:18  SCV  
  45  5:20  Supply Depot  
  47  5:29  SCV  
  47  5:30  SCV  
  47  5:35  Infernal Pre-Igniter  
  49  5:42  SCV x2  
  51  5:54  SCV x2  
  46  6:06  Hellion x2  
  50  6:12  Siege Tank  
  53  6:21  SCV  
  53  6:22  SCV  
  53  6:24  Starport  
  55  6:28  Hellion x2  
  57  6:33  SCV  
  58  6:41  SCV  
  58  6:44  Siege Tank  
  58  6:45  SCV  
  62  6:55  Engineering Bay  
  62  7:01  Supply Depot  
  62  7:20  Supply Depot  
  62  7:21  Refinery  
  62  7:22  Supply Depot, Refinery, SCV x2  
  68  7:23  Hellion x2  
  68  7:34  SCV x2  
  68  7:37  Cloaking Field  
  70  7:40  Starport  
  70  7:41  Banshee  
  73  7:46  SCV x2, Command Center  
  75  7:59  SCV x2  
  77  8:11  SCV x2  
  77  8:23  SCV  
  77  8:24  Banshee  
  79  8:29  Hellion x3  
  65  8:50  Hellion x3  
  65  8:58  Starport Tech Lab  
  65  9:07  Banshee  
  68  9:16  SCV x2  
  70  9:19  Siege Tank  
  70  9:20  Hellion x2  
  77  9:28  SCV x2  
  79  9:33  Banshee  
  82  9:40  SCV x2  
  82  9:41  Hellion x2  
  88  9:50  Banshee  
  88  9:51  Siege Tank  
  88  9:52  SCV  
  95  9:53  SCV  
  96  10:02  Hellion x2  
  96  10:04  SCV  
  101  10:22  Banshee  
  101  10:24  Hellion  
  101  10:28  Siege Tank  
  99  10:41  Banshee  
  87  10:56  Hellion x2  
  83  11:00  Siege Tank  
  86  11:05  Banshee  
  86  11:06  Planetary Fortress  
  86  11:09  Refinery  
  86  11:11  Refinery  
  89  11:17  Hellion x2, Barracks Tech Lab  
  93  11:24  Banshee  
  96  11:26  Command Center  
  96  11:32  Siege Tank  
  94  11:38  Hellion  
  94  11:39  Hellion  
  88  12:00  Hellion x2  
  89  12:04  Siege Tank  
  73  12:21  Hellion x2  
  66  12:36  Hellion  
  65  12:43  Hellion x2  
  69  12:46  Command Center  
  69  12:56  Missile Turret  
  69  12:58  Hellion, Missile Turret  
  67  13:04  Hellion  
  69  13:07  Supply Depot  
  69  13:10  Supply Depot, Missile Turret  
  69  13:12  Missile Turret  
  69  13:13  Missile Turret  
  69  13:17  Factory  
  69  13:20  Factory, Terran Vehicle Weapons Level 1  
  69  13:24  Armory  
  69  13:25  Supply Depot  
  69  13:29  Hellion x3  
  75  13:35  Missile Turret, SCV  
  75  13:36  SCV  
  77  13:43  Missile Turret  
  77  13:46  Missile Turret, Starport Reactor  
  77  13:47  SCV, Starport Reactor  
  77  13:48  SCV  
  79  13:50  Hellion x2  
  83  13:59  SCV  
  83  14:00  SCV  
  83  14:01  Command Center  
  85  14:12  SCV x2  
  85  14:13  Siege Tank x2  
  85  14:14  Siege Tank  
  96  14:24  SCV  
  95  14:45  Siege Tank  
  95  14:51  Widow Mine x4  
  106  15:12  Widow Mine, Missile Turret  
  106  15:13  Missile Turret  
  108  15:14  Thor x2  
  114  15:29  Widow Mine x2  
  114  15:33  Widow Mine  
  104  15:50  Widow Mine, Missile Turret  
  106  15:59  Missile Turret  
  106  16:07  Planetary Fortress  
  106  16:08  Missile Turret  
  106  16:09  SCV  
  106  16:10  SCV  
  105  16:23  Thor  
  105  16:24  Widow Mine  
  99  16:58  Cyclone x2  
  99  16:59  Hellion  
  107  17:05  SCV x2  
  107  17:06  Cyclone, SCV  
  111  17:24  Hellion x2  
  115  17:30  Cyclone, Hellion  
  115  17:31  Refinery  
  115  17:32  Refinery  
  69  17:59  Hellion  
  69  18:00  Hellion x3  
  69  18:02  Hellion  
Tags
 
Add a new tag
Caveats
  • Supply blocks, unpowered buildings, or Contaminate may cause inaccurate times.
  • Supply counts are checked every 10 seconds.